 Dungeon Crawl Stone Soup version 0.30.0 (webtiles) character file.

Game seed: 16221962587432806385

1327 BubbleThief the Cleaver (level 8, -3/111 HPs)
             Began as a Hill Orc Fighter on May 6, 2023.
             Was a Follower of Makhleb.
             Slain by a killer bee (4 damage)
             ... on level 6 of the Dungeon.
             The game lasted 00:05:45 (4471 turns).

BubbleThief the Cleaver (Hill Orc Fighter)          Turns: 4471, Time: 00:05:45

Health: -3/111     AC: 24    Str: 21    XL:     8   Next: 60%
Magic:  8/8        EV:  2    Int:  8    God:    Makhleb [*.....]
Gold:   302        SH:  4    Dex: 10    Spells: 7/7 levels left

rFire   . . .        a - +0 war axe
rCold   . . .        c - +0 buckler
rNeg    . . .        b - melded +0 scale mail
rPois   +            k - melded +1 helmet
rElec   .            (cloak currently unavailable)
rCorr   .            z - melded +0 pair of gloves
SInv    .            (boots currently unavailable)
Will    .....        (no amulet)
Stlth   +            (no ring)
HPRegen 0.38/turn    (no ring)
MPRegen 0.11/turn

%: no passive effects
@: mighty, lethally poisoned (-3 -> -17), tree-form
A: stationary, stasis, torment immunity, boosted hp
a: Renounce Religion


You were on level 6 of the Dungeon.
You worshipped Makhleb.
Makhleb was aware of your devotion.
You were a tree.
You visited 1 branch of the dungeon, and saw 6 of its levels.

You collected 302 gold pieces.

Inventory:

Hand Weapons
 a - a +0 war axe (weapon)
Missiles
 y - 3 curare-tipped darts (quivered)
 G - 2 throwing nets
Armour
 b - a +0 scale mail (melded)
 c - a +0 buckler (worn)
 k - a +1 helmet (melded)
 z - a +0 pair of gloves (melded)
Wands
 x - a wand of paralysis (5)
Scrolls
 e - 6 scrolls of identify {unknown}
 j - a scroll of vulnerability {unknown}
 l - a scroll of magic mapping {unknown}
 m - 3 scrolls of amnesia {unknown}
 o - a scroll of fog {unknown}
 q - 3 scrolls of brand weapon {unknown}
 r - a scroll of poison {unknown}
 t - a scroll of butterflies {unknown}
 u - a scroll of torment {unknown}
 w - a scroll of fear {unknown}
 D - a scroll of teleportation {unknown}
 E - a scroll of enchant armour {unknown}
Potions
 f - a potion of lignification
 g - 3 potions of attraction {unknown}
 h - 2 potions of flight
 i - a potion of heal wounds {unknown}
 n - a potion of magic {unknown}
 p - 2 potions of ambrosia {unknown}
 s - a potion of degeneration {unknown}
 v - a potion of haste
 A - a potion of mutation {unknown}
 B - 3 potions of brilliance {unknown}
 C - 3 potions of curing {unknown}
 F - 2 potions of invisibility {unknown}


   Skills:
 + Level 7.9 Fighting
 * Level 11.1 Axes
 - Level 3.2 Armour
 - Level 3.2 Shields


You had 7 spell levels left.
You didn't know any spells.
Your spell library contained the following spells:

 Spells                   Type           Power      Damage    Failure   Level
 Beastly Appendage        Tmut           0%         N/A       47%         1
 Slow                     Hex            0%         N/A       47%         1
 Ensorcelled Hibernation  Hex/Ice        0%         N/A       63%         2
 Passwall                 Tmut/Erth      0%         N/A       63%         2
 Wereblood                Tmut           0%         N/A       63%         2
 Confusing Touch          Hex            0%         N/A       85%         3
 Spider Form              Tmut/Pois      0%         N/A       85%         3
 Swiftness                Air            0%         N/A       85%         3
 Vampiric Draining        Necr           0%         2d6       85%         3


Dungeon Overview and Level Annotations

Branches:
Dungeon (6/15)
 Temple: D:4-7

Altars:
Dithmenos
Fedhas
Makhleb
Nemelex Xobeh
Qazlal
Trog

Annotations:
D:4 2 runed translucent doors, sigtrap's ghost, amateur SpHu


Message History

You feel very sick. The killer bee misses you.
The killer bee barely misses you. The killer bee closely misses you.
The killer bee barely misses you. The killer bee closely misses you.
The killer bee completely misses you.
Unknown command.
You hit the killer bee.
The killer bee is almost dead.
You barely miss the killer bee. You miss the killer bee.
* * * LOW HITPOINT WARNING * * *
You feel very sick.
The killer bee closely misses you. x2; You block the killer bee's attack.
The killer bee barely misses you.
The killer bee stings you but does no damage.
The killer bee closely misses you.
Unknown command.
It was a potion of flight.
You feel very buoyant.
You fly up into the air.
* * * LOW HITPOINT WARNING * * *
You feel very sick.
The killer bee stings you but does no damage.
The killer bee stings you!
* * * LOW HITPOINT WARNING * * *
You are more poisoned.
The killer bee poisons you! The killer bee barely misses you.
The killer bee stings you but does no damage.
The killer bee barely misses you.
The killer bee stings you but does no damage.
It was a potion of lignification.
You turn into a tree.
Your +1 helmet melds into your body.
Your +0 pair of gloves melds into your body.
Your +0 scale mail melds into your body.
Your roots penetrate the ground.
* * * LOW HITPOINT WARNING * * *
You feel very sick.
The killer bee stings you but does no damage. x3
You block the killer bee's attack. The killer bee stings you.
* * * LOW HITPOINT WARNING * * *
The killer bee stings you.
You die...

######################
..'..........#.......#
..#..<.......+$......
..#..........# .....
..#..........# ....
..##...####+## #.<
..##...###...###y######
..............#y♣y....#
..............#.....).#
..............'.......#
..............#.......#
..##.####.##..#########
####.####.##..###
..............#
..............#
..............#


You could see 3 killer bees.

Vanquished Creatures
  A black bear (D:4)
  An ice beast (D:6)
  An ogre (D:6)
  A phantom (D:4)
  2 scorpions
  3 killer bees (D:6)
  5 jellies
  A sleepcap (D:6)
  2 hounds (D:5)
  An orc priest (D:5)
  4 iguanas
  Natasha (thrice) (D:4)
  An orc wizard (D:3)
  8 gnolls
  11 adders
  A worm (D:2)
  3 dart slugs
  5 orcs
  6 endoplasms
  2 giant cockroaches (D:4)
  9 goblins
  7 hobgoblins
  8 jackals
  3 quokkas
  6 ball pythons
  6 bats
  3 frilled lizards
  4 kobolds
  3 rats
111 creatures vanquished.

Vanquished Creatures (others)
  2 withered plants (D:2)
2 creatures vanquished.

Grand Total: 113 creatures vanquished

Notes
Turn   | Place    | Note
-------+----------+-------------------------------------------
     0 | D:1      | BubbleThief the Hill Orc Fighter began the quest for the
                  | Orb.
     0 | D:1      | Reached XP level 1. HP: 19/19 MP: 1/1
    50 | D:1      | Reached skill level 3 in Axes
   113 | D:1      | Reached XP level 2. HP: 27/27 MP: 2/2
   405 | D:1      | Reached skill level 4 in Axes
   492 | D:1      | Reached XP level 3. HP: 33/33 MP: 3/3
   908 | D:2      | Found a faded altar of an unknown god.
  1064 | D:2      | You fall into a shaft and drop 1 floor!
  1087 | D:3      | Reached skill level 5 in Axes
  1087 | D:3      | Reached XP level 4. HP: 39/41 MP: 4/4
  1246 | D:2      | Found a burning altar of Makhleb.
  1271 | D:2      | Became a worshipper of Makhleb the Destroyer
  1964 | D:3      | Reached XP level 5. HP: 34/47 MP: 5/5
  2158 | D:4      | Noticed a black bear
  2167 | D:4      | Killed a black bear
  2168 | D:4      | Reached skill level 5 in Fighting
  2168 | D:4      | Reached skill level 6 in Axes
  2168 | D:4      | Reached XP level 6. HP: 56/56 MP: 6/6
  2195 | D:4      | Reached skill level 7 in Axes
  2591 | D:4      | Noticed Natasha
  2597 | D:4      | Killed Natasha
  2627 | D:4      | Found a runed translucent door.
  2631 | D:4      | Noticed sigtrap's ghost (amateur SpHu)
  2639 | D:4      | Reached skill level 8 in Axes
  2639 | D:4      | Reached XP level 7. HP: 63/63 MP: 7/7
  2800 | D:4      | Noticed Natasha
  2805 | D:4      | Killed Natasha
  2879 | D:4      | Reached * piety under Makhleb
  2990 | D:4      | Found a runed translucent door.
  3033 | D:4      | Noticed Natasha
  3042 | D:4      | Killed Natasha
  3155 | D:5      | Entered Level 5 of the Dungeon
  3386 | D:5      | Reached skill level 9 in Axes
  3624 | D:5      | Reached XP level 8. HP: 73/73 MP: 8/8
  4067 | D:5      | Found a bloodstained altar of Trog.
  4067 | D:5      | Found a sparkling altar of Nemelex Xobeh.
  4074 | D:5      | Found a blossoming altar of Fedhas.
  4076 | D:5      | Found a stormy altar of Qazlal.
  4078 | D:5      | Found a shadowy altar of Dithmenos.
  4141 | D:6      | Reached skill level 10 in Axes
  4463 | D:6      | Reached skill level 11 in Axes
  4471 | D:6      | HP: 5/111 [poisoned by a killer bee]
  4471 | D:6      | HP: 1/111 [killer bee (4)]
  4471 | D:6      | Slain by a killer bee

Illustrated notes

Levels and vault maps discovered:
D:1:      minmay_arrival_plants_in_alcoves, layout_loops_cross,
          chequers_serial_rivers_small_b
D:2:      layout_basic, ebering_ecumenical_altar_petrified, basic_altar
D:3:      layout_basic
D:4:      layout_basic, ebering_ghost_sewer_f, uniq_natasha
D:5:      layout_basic, chequers_temple_overflow_minitemple, grunt_ministairs_14
D:6:      layout_gridville, kennysheep_little_box

Skill      XL: |  1  2  3  4  5  6  7  8 |
---------------+-------------------------+-----
Axes           | 3 4 5 6 8 9 11 | 11.1
Fighting       | 4 5 6 7 |  7.9
Armour         | |  3.2
Shields        | |  3.2

Action                     |  1- 3 |  4- 6 |  7- 9 || total
---------------------------+-------+-------+-------++-------
  Melee: War axe           |   112 |    97 |   133 ||   342
  Throw: Dart              |       |       |     1 ||     1
  Evoke: Wand              |       |     2 |       ||     2
    Use: Potion            |       |       |     3 ||     3
   Stab: Paralysed         |       |     2 |       ||     2
 Armour: Scale mail        |    55 |    52 |    59 ||   166
         Skin              |       |       |     3 ||     3
  Dodge: Dodged            |    38 |    30 |    73 ||   141
  Block: Buckler           |    15 |    18 |    33 ||    66
